 Dungeon Crawl Stone Soup version 0.25.1-2-g60ff931df9 (webtiles) character file.

Game seed: 15718948546724919342

214 KyoPewz the Ogre Mage (level 5, -9/45 HPs)
             Began as an Ogre Wizard on Oct 13, 2020.
             Hit by a boomerang thrown by an orc warrior (13 damage)
             ... on level 4 of the Dungeon.
             The game lasted 00:13:38 (4732 turns).

KyoPewz the Ogre Mage (Ogre Wizard)                 Turns: 4732, Time: 00:13:39

Health: -9/45      AC:  4    Str: 11    XL:     5   Next: 91%
Magic:  12/12      EV: 10    Int: 20    God:
Gold:   224        SH:  0    Dex:  7    Spells: 2/13 levels left

rFire    . . .     SeeInvis .   c - +0 dagger
rCold    + . .     Gourm    .   (no shield)
rNeg     . . .     Faith    .   a - +0 robe
rPois    .         Spirit   .   b - +0 hat
rElec    .         Reflect  .   s - +0 cloak
rCorr    +         Harm     .   (gloves unavailable)
MR       .....                  (boots unavailable)
Stlth    +.........             (no amulet)
HPRegen  0.15/turn              m - ring of resist corrosion (curse)
MPRegen  0.13/turn              o - ring of protection from cold

@: lethally poisoned (-9 -> -15)
A: large, unfitting armour, tough skin 1
a: no special abilities


You were on level 4 of the Dungeon.
You were hungry.

You visited 1 branch of the dungeon, and saw 4 of its levels.

You collected 224 gold pieces.

Inventory:

Hand Weapons
 c - a +0 dagger (weapon)
   (You took it off a goblin on level 1 of the Dungeon)
 v - a +2 quarterstaff of chaos
   (You took it off Crazy Yiuf on level 2 of the Dungeon)
 x - a +0 dagger of draining
   (You took it off a kobold on level 3 of the Dungeon)
Armour
 a - a +0 robe (worn)
 b - a +0 hat (worn)
 s - a +0 cloak (worn)
   (You took it off Crazy Yiuf on level 2 of the Dungeon)
Jewellery
 m - a cursed ring of resist corrosion (left hand)
   (You found it on level 1 of the Dungeon)
 o - a ring of protection from cold (right hand)
   (You found it on level 1 of the Dungeon)
Wands
 t - a wand of flame (11)
   (You found it on level 2 of the Dungeon)
Scrolls
 d - 4 scrolls of identify {@r1}
 k - 2 scrolls of teleportation {@r4}
 l - a scroll of remove curse {@r2}
 n - 2 scrolls of amnesia
 w - a scroll of enchant weapon {unknown}
Potions
 f - a potion of magic {unknown}
 g - 7 potions of curing {@q1}
 h - a potion of haste {unknown}
 i - 2 potions of ambrosia {unknown}
 j - 2 potions of heal wounds {unknown}
 q - 2 potions of flight {unknown}
 r - a potion of mutation {unknown}
 u - a potion of brilliance {unknown}
Comestibles
 e - 9 rations {!d}


   Skills:
 - Level 1.7 Dodging
 - Level 1.4 Stealth
 + Level 4.8 Spellcasting
 * Level 3.2 Conjurations
 - Level 2.0 Summonings
 - Level 2.0 Translocations
 + Level 0.3 Air Magic
 + Level 0.2 Poison Magic


You had 2 spell levels left.
You knew the following spells:

 Your Spells              Type           Power        Failure   Level  Hunger
a - Magic Dart            Conj           ###.         3%          1    None
b - Blink                 Tloc           N/A          8%          2    #......
d - Conjure Flame         Conj/Fire      ##......     19%         3    ##.....
f - Mephitic Cloud        Conj/Pois/Air  #.......     22%         3    ##.....
x - Call Imp              Summ           ##......     8%          2    #......

Your spell library contained the following spells:

 Spells                   Type           Power        Failure   Level  Hunger
 Slow                     Hex            #.......     19%         2    #......


Dungeon Overview and Level Annotations

Branches:
Dungeon (4/15)
 Temple: D:4-7

Altars:
Ashenzari
Fedhas
Kikubaaqudgha
Makhleb
Nemelex Xobeh
Qazlal
Trog
Xom
The Shining One


Innate Abilities, Weirdness & Mutations

You are too large for most types of armour.
You have tough skin. (AC +1)


Message History

Firing (i - inventory) No suitable missiles.
Aim: an orc wizard, wielding a +0 long sword and wearing a +0 robe (moderately wounded, fast)
Okay, then.
The spell is quite dangerous to cast (22% risk of failure)!
Continue anyway?
Aim: an orc wizard, wielding a +0 long sword and wearing a +0 robe (moderately wounded, fast) That beam is likely to hit you.
Continue anyway?
The ball explodes into a vile cloud!
The stinking cloud engulfs the orc wizard but does no damage.
The stinking cloud engulfs the orc but does no damage.
The stinking cloud engulfs you but does no damage.
You hear a shout! x2
The orc wizard is engulfed in noxious fumes.
The orc wizard appears confused.
The orc wizard closely misses the orc.
The orc is engulfed in noxious fumes.
The orc appears confused.
The orc wizard is engulfed in noxious fumes.
The orc wizard appears confused.
The orc wizard barely misses you.
The orc wizard is engulfed in noxious fumes.
The orc wizard hits the orc with a +0 long sword.
The orc is engulfed in noxious fumes.
The orc appears confused.
The orc wizard is engulfed in noxious fumes.
The orc wizard appears confused.
You closely miss the orc wizard.
The orc wizard hits you with a +0 long sword.
* * * LOW HITPOINT WARNING * * *
You hit the orc wizard.
The orc wizard hits you with a +0 long sword.
* * * LOW HITPOINT WARNING * * *
You closely miss the orc wizard. The orc wizard barely misses you.
You hit the orc wizard but do no damage.
An orc warrior comes into view. It is wielding a +2 spear of venom.
All of the chunks of flesh in your inventory have rotted away.
Your magical contamination has completely faded away.
There is a stone staircase leading up here.
There is a stone staircase leading up here.
You climb upwards.
There is a stone staircase leading down here.
You start resting.
You start resting.
You are feeling hungry.
You start resting.
There is a stone staircase leading down here.
You climb downwards.
There is a stone staircase leading up here.
The orc warrior hits you with a +2 spear of venom!!
The orc warrior hits you from afar with a +2 spear of venom!!
* * * LOW HITPOINT WARNING * * *
You are lethally poisoned!
* * * LOW HITPOINT WARNING * * *
You feel sick.
The orc warrior throws a boomerang.
The boomerang hits you!
You die...

#..##.##....########## ..#
#.#..##.# #...###.#
##.......## # ##.........##
##.#...........#
...............#
...............#
#.....@...## ##..<#....#
########o# ####
#.#########..# .
#............#
....###########...#####....#
...o...o........#.### #.####
.....############...# #.#
... ###.###.#


You could see an orc warrior.

Vanquished Creatures
  A howler monkey (D:4)
  A hound (D:4)
  Crazy Yiuf (D:2)
  A hound skeleton (D:3)
  6 adders
  2 oozes
  A worm (D:2)
  2 dart slugs (D:3)
  2 leopard geckos
  2 orcs
  9 bats
  4 giant cockroaches
  4 goblins
  A hobgoblin (D:1)
  4 kobolds
  A quokka (D:2)
  3 frilled lizards
  6 rats
51 creatures vanquished.

Vanquished Creatures (collateral kills)
  An orc (D:3)
1 creature vanquished.

Grand Total: 52 creatures vanquished

Notes
Turn   | Place    | Note
-------+----------+-------------------------------------------
     0 | D:1      | KyoPewz the Ogre Wizard began the quest for the Orb.
     0 | D:1      | Reached XP level 1. HP: 16/16 MP: 5/5
   167 | D:1      | Reached skill level 1 in Conjurations
   540 | D:1      | Reached XP level 2. HP: 24/24 MP: 4/6
   868 | D:1      | Reached skill level 4 in Spellcasting
  1135 | D:1      | Learned a level 2 spell: Blink
  1138 | D:1      | Learned a level 2 spell: Call Imp
  1230 | D:2      | Reached skill level 1 in Summonings
  1230 | D:2      | Reached skill level 1 in Translocations
  1357 | D:2      | HP: 1/24 [worm (7)]
  1359 | D:2      | Reached XP level 3. HP: 2/31 MP: 0/8
  1825 | D:2      | Found a shattered altar of Ashenzari.
  2059 | D:2      | Found a runed translucent door.
  2060 | D:2      | Noticed Crazy Yiuf
  2461 | D:2      | Killed Crazy Yiuf
  2594 | D:3      | Reached XP level 4. HP: 36/39 MP: 10/10
  3406 | D:3      | Found a shimmering altar of Xom.
  3406 | D:3      | Found a blossoming altar of Fedhas.
  3629 | D:3      | Found a glowing golden altar of the Shining One.
  3713 | D:3      | Reached XP level 5. HP: 39/45 MP: 4/11
  3822 | D:3      | Learned a level 3 spell: Conjure Flame
  3826 | D:3      | Learned a level 3 spell: Mephitic Cloud
  4035 | D:4      | Found an ancient bone altar of Kikubaaqudgha.
  4035 | D:4      | Found a stormy altar of Qazlal.
  4035 | D:4      | Found a burning altar of Makhleb.
  4053 | D:4      | Found a bloodstained altar of Trog.
  4392 | D:4      | Found a sparkling altar of Nemelex Xobeh.
  4515 | D:4      | Noticed an orc warrior
  4732 | D:4      | Hit by a boomerang thrown by an orc warrior

Illustrated notes

Levels and vault maps discovered:
D:1:      shiori_angband_town, layout_basic
D:2:      layout_basic, ashenzari_altar_1, uniq_crazy_yiuf_cottage
D:3:      layout_loops_ring, gammafunk_temple_overflow_statue, first_ration,
          nicolae_tso_swordbearing_angel
D:4:      layout_rooms, grunt_temple_overflow_open, uniq_grinder

Skill      XL: |  1  2  3  4  5 |
---------------+----------------+-----
Conjurations   | 1 2 3 |  3.2
Spellcasting   | 4 |  4.8
Summonings     | 1 2 |  2.0
Translocations | 1 2 |  2.0
Dodging        | |  1.7
Stealth        | |  1.4
Air Magic      | |  0.3
Poison Magic   | |  0.2

Action                   |  1- 3 |  4- 6 || total
-------------------------+-------+-------++-------
Melee: Unarmed           |     9 |       ||     9
       Dagger            |    13 |    40 ||    53
 Cast: Magic Dart        |    58 |   104 ||   162
       Call Imp          |    11 |     3 ||    14
       Mephitic Cloud    |       |     1 ||     1
  Use: Scroll            |       |     5 ||     5
 Stab: Sleeping          |     1 |       ||     1
  Eat: Chunk             |     5 |     6 ||    11
Armor: Robe              |    12 |    31 ||    43
Dodge: Dodged            |    16 |    45 ||    61
